[Event "*** Titled Tuesday Blitz"]
[Site "Chess.com"]
[Date "2021.03.02"]
[Round "3"]
[White "GLeruste"]
[Black "lacafi"]
[Result "1-0"]
[WhiteElo "2483"]
[BlackElo "2176"]
[TimeControl "180+1"]
[EndTime "10:28:08 PST"]
[Termination "GLeruste won on time"]

1. d4 f5 2. Nc3 Nf6 3. Bg5 g6 4. h4 Bg7 5. h5 Nxh5 6. Rxh5 gxh5 7. e4 O-O 8. exf5 d5 9. Qxh5 Bxf5 10. O-O-O Bg6 11. Qh4 Nc6 12. Nf3 Bf6 13. Bb5 Bxg5+ 14. Qxg5 Qd6 15. Nxd5 Rf5 16. Qe3 Qxd5 17. Ba4 Kh8 18.
Bb3 Qd6 19. Kb1 Raf8 20. Be6 R5f6 21. d5 Nd8 22. Bh3 b6 23. a3 Nb7 24. Ng5 Nc5 25.
Ka1 Bxc2 26. Re1 Nb3+ 27. Ka2 Qxd5 28. Be6 Nc1+ 29. Ka1 Nb3+ 30. Ka2 Rxe6 31. Qxe6 Nc1+ 32. Ka1 Nb3+ 33. Ka2 Qxe6 34. Nxe6 Rxf2 35. Nxc7 1-0

[Event "*** Titled Tuesday Blitz"]
[Site "Chess.com"]
[Date "2021.03.02"]
[Round "3"]
[White "MalyDominator"]
[Black "Goryachkina"]
[Result "0-1"]
[WhiteElo "2485"]
[BlackElo "2673"]
[TimeControl "180+1"]
[EndTime "10:28:09 PST"]
[Termination "Goryachkina won on time"]

1. e4 c6 2. d4 d5 3. exd5 cxd5 4. Bd3 Nc6 5. c3 Nf6 6. h3 g6 7. Nf3 Bg7 8. O-O O-O 9. Re1 Bf5 10. Be2 h6 11.
Be3 Qc7 12. Nbd2 Rad8 13. Nb3 g5 14. Nh2 Ne4 15. Nd2 Bh7 16. Nxe4 dxe4 17. Qb3 Na5 18. Qa4 f5 19. Rac1 f4 20. Bd2 Kh8 21. c4 Nc6 22. d5 Nd4 23. Bc3 e5 24. Bf1 a6 25. b4 h5 26. Qd1 Qf7 27. Be2 f3 28. gxf3 exf3 29. Bf1 g4 30. Rxe5 Bxe5 31. Bxd4 Qg7 32. Bxe5 Qxe5 33. hxg4 hxg4 34. Qe1 Qf4 35. Qc3+ Rf6 0-1

[Event "*** Titled Tuesday Blitz"]
[Site "Chess.com"]
[Date "2021.03.02"]
[Round "3"]
[White "tapu2"]
[Black "Xeniya2005"]
[Result "1-0"]
[WhiteElo "2554"]
[BlackElo "2358"]
[TimeControl "180+1"]
[EndTime "10:28:09 PST"]
[Termination "tapu2 won by checkmate"]

1. d4 Nf6 2. c4 e6 3. Nc3 Bb4 4. f3 d5 5. a3 Bxc3+ 6. bxc3 b6 7. cxd5 exd5 8. e3 O-O 9. Bd3 Ba6 10. Ne2 Bxd3 11. Qxd3 Re8 12. O-O Nbd7 13. Ng3 c5 14.
Ra2 Rc8 15. Re2 Qc7 16. e4 cxd4 17. cxd4 Qc4 18. Qd1 dxe4 19. fxe4 h6 20. e5 Nd5 21. Ref2 Nc3 22. Qh5 Qxd4 23. Qxf7+ Kh8 24. Nf5 Qxe5 25. Qxd7 Rc7 26. Qd3 Ne2+ 27. Rxe2 Qxe2 28. Qd4 Qe6 29. Bxh6 Kh7 30. Bxg7 Rd7 31. Qh4+ Kg8 32. Qh8+ Kf7 33. Nd6+ Kg6 34. Qh6# 1-0

[Event "*** Titled Tuesday Blitz"]
[Site "Chess.com"]
[Date "2021.03.02"]
[Round "3"]
[White "BogdanDeac"]
[Black "alejogarcia1999"]
[Result "1-0"]
[WhiteElo "2981"]
[BlackElo "2542"]
[TimeControl "180+1"]
[EndTime "10:28:10 PST"]
[Termination "BogdanDeac won by resignation"]

1. e4 c5 2. Nf3 e6 3. g3 d5 4. Nc3 Nf6 5. d3 dxe4 6. Nxe4 Nc6 7. Qe2 Be7 8. Bg2 O-O 9. O-O b6 10. Ne5 Nd4 11. Qd1 Rb8 12. c3 Nxe4 13. cxd4 Nf6 14. Nc6 Qc7 15. Bf4 Bd6 16. Bxd6 Qxd6 17. dxc5 bxc5 18. Nxb8 Qxb8 19. Qc2 Nd7 20. Qc3 Qd6 21. Rfd1 e5 22. a3 Nb6 23. Rac1 Na4 24. Qc2 Bd7 25.
b3 Nb6 26. Qxc5 Qf6 27. Re1 Re8 28. d4 exd4 29. Rxe8+ Bxe8 30. Rd1 Qe6 31. b4 d3 32.
Rxd3 h5 33. Re3 Qd7 34. Qe7 Qd1+ 35. Re1 1-0

[Event "*** Titled Tuesday Blitz"]
[Site "Chess.com"]
[Date "2021.03.02"]
[Round "3"]
[White "ZEN-22"]
[Black "sau6on"]
[Result "0-1"]
[WhiteElo "2424"]
[BlackElo "2718"]
[TimeControl "180+1"]
[EndTime "10:28:11 PST"]
[Termination "sau6on won on time"]

1. e3 d5 2. d4 Nc6 3. c4 e5 4. cxd5 Qxd5 5. Nc3 Bb4 6. a3 Bxc3+ 7. bxc3 Nf6 8. c4 Qd6 9. d5 Nb8 10. f3 O-O 11. e4 c6 12. Bd2 Na6 13. Bd3 Nc5 14. Bc2 b5 15. cxb5 cxd5 16. Bb4 a5 17. bxa6 Bxa6 18. Ne2 Qb6 19. exd5 Rfd8 20. Nc3 Qa7 21.
Qd2 Bc4 22. Rd1 Nxd5 23. Bxc5 Qxc5 24. Be4 Ra5 25. Bxd5 Bxd5 26. Ne4 Qa7 0-1

[Event "*** Titled Tuesday Blitz"]
[Site "Chess.com"]
[Date "2021.03.02"]
[Round "3"]
[White "MFguimaraes"]
[Black "StockholmMissile"]
[Result "1/2-1/2"]
[WhiteElo "2409"]
[BlackElo "2592"]
[TimeControl "180+1"]
[EndTime "10:28:11 PST"]
[Termination "Game drawn by repetition"]

1. e4 e5 2. Nf3 Nc6 3. Bb5 a6 4. Bxc6 dxc6 5. d4 exd4 6. Qxd4 Qxd4 7. Nxd4 Bd7 8. Bf4 O-O-O 9. Nc3 g6 10. O-O-O Bg7 11. h4 Nf6 12. f3 Rhe8 13. g4 c5 14. Nb3 b6 15. a4 h5 16. a5 hxg4 17. axb6 cxb6 18. fxg4 Bxg4 19. Rxd8+ Rxd8 20. Bg5 Re8 21. Bxf6 Bxf6 22. Nd5 Bd8 23. Nd2 b5 24. b4 cxb4 25. Nxb4 Kb7 26. Nd5 Be6 27. c4 bxc4 28. Nxc4 Rh8 29.
Kc2 Rxh4 30. Rb1+ Ka7 31. Ne5 Bxd5 32. exd5 Bb6 33. Nxf7 Rd4 34. d6 g5 35. Rd1 Rxd1 36.
Kxd1 g4 37. Ke2 a5 38. d7 a4 39. d8=Q Bxd8 40. Nxd8 Kb6 41. Ne6 a3 42. Nd4 Kc5 43. Nb3+ Kc4 44. Nc1 Kc3 45. Na2+ Kb3 46. Nc1+ Kb2 47.
Nd3+ Kb1 48. Nb4 Kb2 49. Nd3+ Kb3 50. Nc1+ Kc2 51. Nd3 g3 52. Nb4+ Kb3 53. Nd3 Kc3 54. Nc1 Kc2 55. Na2 Kb2 56. Nb4 Kb3 57. Nd3 Kc2 58.
Nb4+ Kb3 1/2-1/2

[Event "*** Titled Tuesday Blitz"]
[Site "Chess.com"]
[Date "2021.03.02"]
[Round "3"]
[White "SanQui14"]
[Black "Love_craft"]
[Result "0-1"]
[WhiteElo "2377"]
[BlackElo "2566"]
[TimeControl "180+1"]
[EndTime "10:28:11 PST"]
[Termination "Love_craft won on time"]

1. d4 Nf6 2. c4 g6 3. Nc3 Bg7 4. e4 d6 5. Nf3 O-O 6. h3 Nbd7 7. Be3 e5 8. d5 Nh5 9. g3 Bf6 10. Qd2 Be7 11. g4 Nf4 12. Bxf4 exf4 13. Qxf4 Bf6 14. Qe3 Bg7 15. O-O-O a6 16. Nd4 Re8 17. Qd2 Nc5 18. Bg2 b5 19. cxb5 axb5 20. Ndxb5 Ba6 21. Nd4 Nd3+ 22.
Kb1 Bxd4 23. Bf1 Bxc3 24. bxc3 Rb8+ 25. Ka1 Nc5 26. Bxa6 Nxa6 27. h4 Rxe4 28. h5 Qe7 29. hxg6 fxg6 30. Rde1 Nc5 31. f3 Rxe1+ 32. Rxe1 Qf6 33.
Qe3 Kf7 34. g5 Qd8 35. Rh1 Kg8 36. Qf4 Qe7 37. Qh4 Qg7 38. Qc4 Qe5 0-1

[Event "*** Titled Tuesday Blitz"]
[Site "Chess.com"]
[Date "2021.03.02"]
[Round "3"]
[White "Godzillator"]
[Black "AldokhinIvan"]
[Result "0-1"]
[WhiteElo "2287"]
[BlackElo "2527"]
[TimeControl "180+1"]
[EndTime "10:28:11 PST"]
[Termination "AldokhinIvan won on time"]

1. d4 Nf6 2. c4 g6 3. Nc3 Bg7 4. e4 d6 5. Be2 Kf8 6. Bg5 Nc6 7. d5 Nb4 8. a3 Na6 9. b4 h6 10. Bd2 Kg8 11. f4 e6 12. e5 dxe5 13. fxe5 Nd7 14. dxe6 Nxe5 15. exf7+ Kh7 16. Qc2 Bf5 17. Qb2 Nd3+ 18.
Bxd3 Qxd3 19. Nge2 Bg4 20. Qb1 Qxc4 21. Ra2 Qxf7 22.
Rf1 Qe6 23. h3 Bxe2 24. Nxe2 Rhe8 25. Bf4 Qc4 26. Rc2 Qd3 27. Qd1 Qxa3 28. Kf2 Qxb4 29. Kg1 Rad8 30. Qc1 c6 31. Ng3 Nc5 32. Kh1 Nd3 0-1

[Event "*** Titled Tuesday Blitz"]
[Site "Chess.com"]
[Date "2021.03.02"]
[Round "3"]
[White "Konavets"]
[Black "francyIM"]
[Result "1-0"]
[WhiteElo "2943"]
[BlackElo "2685"]
[TimeControl "180+1"]
[EndTime "10:28:12 PST"]
[Termination "Konavets won by checkmate"]

1. e4 c6 2. d4 g6 3. Nc3 d5 4. h3 Bg7 5. Nf3 dxe4 6. Nxe4 Nf6 7. Nxf6+ exf6 8. Bc4 O-O 9. O-O Re8 10. a4 a5 11.
c3 Nd7 12. Qb3 Rf8 13. Re1 Nb6 14. Bd3 Be6 15. Qc2 Rc8 16. c4 Nd7 17. b3 Nb8 18. Ba3 Re8 19. Rad1 Na6 20. Qc3 f5 21. Ne5 c5 22. d5 Bd7 23. f4 Nb4 24. Bb2 f6 25. Nf3 Qb6 26. Bb1 Qd6 27. Qd2 Rxe1+ 28.
Rxe1 Re8 29. Rxe8+ Bxe8 30. Qe3 Kf7 31. g4 fxg4 32.
hxg4 Qe7 33. Qf2 b6 34. g5 Qd7 35. f5 gxf5 36. Bxf5 Qd6 37. Be6+ Kf8 38. gxf6 Bh6 39.
Be5 Qd8 40. Qg3 Bg6 41. Bd6+ Ke8 42. Qxg6+ hxg6 43. f7# 1-0

[Event "*** Titled Tuesday Blitz"]
[Site "Chess.com"]
[Date "2021.03.02"]
[Round "3"]
[White "KubaGepard"]
[Black "kamilianin235"]
[Result "1-0"]
[WhiteElo "2402"]
[BlackElo "2195"]
[TimeControl "180+1"]
[EndTime "10:28:12 PST"]
[Termination "KubaGepard won by checkmate"]

1. e4 c5 2. Nf3 e6 3. d4 cxd4 4. Nxd4 a6 5. Nc3 b5 6. Bd3 Qb6 7. Be3 Bc5 8. Nce2 Nf6 9. f3 e5 10. c3 exd4 11. cxd4 Bb4+ 12. Kf2 O-O 13. a3 Be7 14. g4 Bb7 15. h4 d5 16. e5 Ne8 17.
Ng3 g6 18. h5 Nc7 19. Qg1 g5 20.
Nf5 Qe6 21. h6 Bd8 22. Rh5 Kh8 23. Bxg5 Bxg5 24. Rxg5 Nd7 25. Rg7 Nxe5 26. dxe5 Qxe5 27. Re1 Qxb2+ 28. Re2 Qc3 29. Qb1 Ne6 30. Kg3 d4 31.
Re5 Qc7 32. f4 Nxg7 33. hxg7+ Kg8 34. Qh1 Qc3 35. Ne7+ Kxg7 36. Qxh7+ Kf6 37. Qh4+ Kg7 38. Qg5+ Kh8 39. Qh6# 1-0

[Event "*** Titled Tuesday Blitz"]
[Site "Chess.com"]
[Date "2021.03.02"]
[Round "3"]
[White "Trickster_Pony"]
[Black "NaciSAN"]
[Result "0-1"]
[WhiteElo "1444"]
[BlackElo "2310"]
[TimeControl "180+1"]
[EndTime "10:28:14 PST"]
[Termination "NaciSAN won by resignation"]

1. c4 Nf6 2. g3 g6 3. Bg2 Bg7 4. Nc3 O-O 5. Nf3 d6 6. O-O Nc6 7.
d4 Bf5 8. d5 Na5 9. Nd2 c5 10. e4 Bd7 11. f4 a6 12. a3 Rb8 13. b4 cxb4 14. axb4 Qb6+ 15. Kh1 Qxb4 16. Qc2 Nxc4 17. Rf3 Nxd2 18. Bxd2 Rfc8 19. e5 Bf5 20.
Qa2 Ne4 21. Nxe4 Qxe4 22. Re3 Qc2 23. Bc3 Qxa2 24. Rxa2 h5 25. exd6 exd6 26. Bxg7 Kxg7 27. h3 Rc2 28. Rxc2 Bxc2 29. Rc3 Bf5 30. Bf1 Rc8 31. Rb3 Be4+ 32. Bg2 Rc1+ 33. Kh2 Rc2 34. Rxb7 0-1

[Event "*** Titled Tuesday Blitz"]
[Site "Chess.com"]
[Date "2021.03.02"]
[Round "3"]
[White "MuhittinBuker"]
[Black "Unknown_IM"]
[Result "1-0"]
[WhiteElo "2122"]
[BlackElo "2373"]
[TimeControl "180+1"]
[EndTime "10:28:14 PST"]
[Termination "MuhittinBuker won by checkmate"]

1. d4 Nf6 2. c4 c5 3. d5 g6 4. Nc3 Bg7 5. e4 d6 6. Be2 O-O 7. Nf3 Nbd7 8. O-O Re8 9. Re1 a6 10. a4 Qc7 11. h3 e5 12. dxe6 fxe6 13. Bf4 e5 14. Bg5 Nf8 15. Nh2 Be6 16. Bxf6 Bxf6 17.
Nd5 Bxd5 18. Qxd5+ Kg7 19. Red1 Rad8 20. Ng4 Ne6 21.
Bf1 Nd4 22. Rd3 Qc6 23. Ne3 Bg5 24. Rad1 Rf8 25. Ng4 h5 26. Nh2 Rf6 27. Qxc6 bxc6 28. Nf3 Bh6 29. Nxd4 cxd4 30. Rb3 c5 31. Rdd3 Rf7 32.
Rb6 Ra7 33. a5 Rdd7 34. Rdb3 Bg5 35. Be2 Bd8 36. Rb8 Bxa5 37. Re8 Bb4 38. Rf3 Rf7 39. Rxf7+ Kxf7 40. Rd8 Ke7 41. Rg8 Kf6 42. Kf1 Rd7 43. g4 hxg4 44. Bxg4 Rf7 45. Re8 Kg5 46. Ke2 a5 47. Re6 Rf6 48. Re8 Kf4 49. f3 g5 50.
Rg8 a4 51. h4 gxh4 52. Bf5 Rxf5 53. Rg4# 1-0

[Event "*** Titled Tuesday Blitz"]
[Site "Chess.com"]
[Date "2021.03.02"]
[Round "3"]
[White "Ali-Farahat"]
[Black "KNCP_719"]
[Result "1-0"]
[WhiteElo "2422"]
[BlackElo "2586"]
[TimeControl "180+1"]
[EndTime "10:28:15 PST"]
[Termination "Ali-Farahat won on time"]

1. e4 Nf6 2. e5 Nd5 3. d4 d6 4.
Nf3 g6 5. c4 Nb6 6. exd6 cxd6 7.
Be3 Bg7 8. Be2 O-O 9. Nc3 Nc6 10. h3 Bf5 11. Qd2 d5 12. c5 Nc4 13. Bxc4 dxc4 14. Kf1 Bd3+ 15. Kg1 e5 16. dxe5 Nxe5 17. Nxe5 Bxe5 18.
h4 Qf6 19. h5 Qe6 20. Re1 Qf5 21. Nd5 Rae8 22. Bh6 Bg7 23. Ne7+ Rxe7 24. Rxe7 gxh5 25. Bxg7 Kxg7 26. Rh3 Qf6 27. Qe3 Kh8 28. Rf3 Qg7 29. Rexf7 Rxf7 30. Qe8+ Qf8 31. Qxf8+ Rxf8 32. Rxf8+ Kg7 33.
Rc8 Be4 34. Rc7+ Kg6 35. f3 Bc6 36. Kf2 h4 37. Ke3 h5 38. Kf4 Kf6 39. Rh7 Kg6 40.
Rc7 a5 41. Rc8 a4 42. Rg8+ Kf6 43. Rh8 Kg6 44. Rd8 Kf6 45. Ke3 Ke5 46. Rh8 1-0

[Event "*** Titled Tuesday Blitz"]
[Site "Chess.com"]
[Date "2021.03.02"]
[Round "3"]
[White "Arvids_Andrejevs"]
[Black "Skat2704"]
[Result "0-1"]
[WhiteElo "2366"]
[BlackElo "2559"]
[TimeControl "180+1"]
[EndTime "10:28:16 PST"]
[Termination "Skat2704 won by resignation"]

1. e4 c6 2. d4 d5 3. exd5 cxd5 4. c4 Nf6 5. Nc3 g6 6. cxd5 Nxd5 7. Bc4 Nb6 8. Bb3 Bg7 9. Be3 O-O 10. h3 Nc6 11.
Nf3 Nb4 12. O-O N4d5 13. Qd2 Nxe3 14. fxe3 Bd7 15. d5 Rc8 16. e4 Nc4 17. Bxc4 Rxc4 18.
e5 b5 19. Rad1 b4 20. Ne2 Bb5 21. Rfe1 Qc7 22. Ng3 a5 23. d6 exd6 24. exd6 Qc5+ 25. Kh2 Rc2 26. Qe3 Qxe3 27. Rxe3 Rd8 28. Nd4 Rxd6 29.
Nxc2 Rxd1 30. b3 Rd2 31. Ne1 Rxa2 32. Nf3 Rc2 33. Ne4 a4 34. bxa4 Bxa4 35. Nd6 b3 36.
Ne1 b2 37. Nxc2 b1=Q 38. Na3 Qb8 39. Rd3 Be5+ 0-1

[Event "*** Titled Tuesday Blitz"]
[Site "Chess.com"]
[Date "2021.03.02"]
[Round "3"]
[White "profofchess"]
[Black "CzechmVIII"]
[Result "1-0"]
[WhiteElo "2463"]
[BlackElo "2250"]
[TimeControl "180+1"]
[EndTime "10:28:17 PST"]
[Termination "profofchess won by resignation"]

1. e4 c5 2. Nf3 d6 3. d4 cxd4 4.
Nxd4 Nf6 5. Nc3 g6 6. Be3 Bg7 7. f3 Nc6 8. Qd2 O-O 9. O-O-O d5 10. exd5 Nxd5 11. Nxc6 bxc6 12. Bd4 Nxc3 13. Qxc3 Bh6+ 14. Be3 Bxe3+ 15. Qxe3 Qb6 16. Qxb6 axb6 17. a3 Be6 18. h4 h5 19. Bd3 Rfd8 20. Rhe1 Kg7 21. Be4 Rxd1+ 22. Rxd1 Rc8 23. f4 c5 24. b3 Kf6 25.
Kb2 Rc7 26. Kc3 Rd7 27. Rxd7 Bxd7 28. b4 cxb4+ 29. Kxb4 e5 30. g3 exf4 31. gxf4 Bf5 32. Bd3 Bxd3 33. cxd3 Kf5 34. Kb5 Kxf4 35. Kxb6 Ke3 36. a4 f5 37. a5 f4 38. a6 f3 39.
a7 f2 40. a8=Q f1=Q 41. Qe4+ Kd2 42. Qxg6 Qxd3 43. Qxh5 Qe3+ 44. Kc6 Qc3+ 45. Qc5 Qf3+ 46. Qd5+ Qxd5+ 47. Kxd5 Ke3 48. Ke5 1-0

[Event "*** Titled Tuesday Blitz"]
[Site "Chess.com"]
[Date "2021.03.02"]
[Round "3"]
[White "leejunhyeok"]
[Black "Kaslask"]
[Result "1-0"]
[WhiteElo "2578"]
[BlackElo "2280"]
[TimeControl "180+1"]
[EndTime "10:28:18 PST"]
[Termination "leejunhyeok won by resignation"]

1. d4 Nf6 2. Nf3 g6 3. Bg5 Bg7 4. Nbd2 O-O 5. e4 d5 6. exd5 Nxd5 7. c3 b6 8. Bc4 Bb7 9. O-O Nc6 10. Re1 Qd6 11.
Bh4 Na5 12. Bf1 Rae8 13. Bg3 Qd8 14. Qc2 Nc6 15. Rad1 Qc8 16. c4 Nf6 17. d5 Nb4 18. Qa4 a5 19. a3 Na6 20. b4 axb4 21. axb4 Qf5 22. Nd4 Qg4 23. N2f3 Ne4 24. h3 Nc3 25. Qb3 Qc8 26. Qxc3 c5 27. dxc6 Bxc6 28. Ne5 Bb7 29. Nb5 Nc7 30. Nxc7 Qxc7 31. Qb3 Qc8 32. Nd7 Bc6 33.
Nxf8 Rxf8 34. Rxe7 Qa8 35. c5 Ba4 36. Qb1 Bxd1 37.
Qxd1 bxc5 38. bxc5 Qc6 39. Bd6 Ra8 40. Qf3 Qxf3 41.
gxf3 Ra1 42. Kg2 Rc1 43. Re8+ Bf8 44. Rxf8+ Kg7 45. Rc8 f5 46. c6 Kf7 47. c7 Ke6 48. Bf4 g5 49. Bxc1 1-0

[Event "*** Titled Tuesday Blitz"]
[Site "Chess.com"]
[Date "2021.03.02"]
[Round "3"]
[White "Mr_Sinigami"]
[Black "AlexTriapishko"]
[Result "1-0"]
[WhiteElo "2625"]
[BlackElo "2800"]
[TimeControl "180+1"]
[EndTime "10:28:19 PST"]
[Termination "Mr_Sinigami won on time"]

1. d4 d5 2. Bf4 c5 3. e3 Nc6 4.
c3 Qb6 5. Qc1 Bf5 6. dxc5 Qxc5 7. Nf3 e6 8. Nbd2 Nf6 9. h3 h6 10. Be2 Be7 11. Nd4 Bg6 12. O-O O-O 13. a4 Qb6 14. b4 Nxd4 15. exd4 a5 16. bxa5 Qxa5 17.
Qb2 Qa7 18. Nf3 Ne4 19. Ne5 Bh7 20. Nd7 Rfc8 21. Nb6 Nxc3 22. Nxa8 Qxd4 23. Be3 Qe5 24. Nb6 Bd6 25. g3 Rc6 26. Bb5 d4 27. Bf4 Qc5 28.
Nd7 Qa7 29. Bxc6 Bxf4 30. Qxb7 Qxb7 31. Bxb7 Bd6 32. a5 1-0

[Event "*** Titled Tuesday Blitz"]
[Site "Chess.com"]
[Date "2021.03.02"]
[Round "3"]
[White "Firegrizzly"]
[Black "Lion-Al-Messi"]
[Result "1-0"]
[WhiteElo "2667"]
[BlackElo "2425"]
[TimeControl "180+1"]
[EndTime "10:28:19 PST"]
[Termination "Firegrizzly won by resignation"]

1. d4 b6 2. e4 Bb7 3. Nc3 e6 4. Nf3 Bb4 5. Bd3 Nf6 6. Qe2 d5 7. e5 Ne4 8. O-O Nxc3 9. bxc3 Bxc3 10. Rb1 Nc6 11. Qe3 Bb4 12. Qf4 Be7 13. h4 Qd7 14.
h5 h6 15. Qg4 Bf8 16. c3 O-O-O 17. Nd2 Be7 18. f4 Rdg8 19. f5 Kb8 20. a4 a5 21.
Bb5 exf5 22. Qxf5 Qxf5 23. Rxf5 Nd8 24. Bd3 Bc8 25. Rf2 Bh4 26. Rf1 Be7 27. c4 Be6 28. c5 Ka7 29. Ba3 Nc6 30. Rfc1 Kb7 31. Bb5 Nb4 32. Bxb4 axb4 33. Rxb4 bxc5 34. dxc5 c6 35. Nb3 Kc7 36. Bxc6 Rb8 37. Bb5 Bg5 38. Rc2 d4 39. Nxd4 Bd5 40. Kh2 Rhd8 41. Nf5 Bf4+ 42. Rxf4 Be6 43.
Nxg7 Rd5 44. Nxe6+ 1-0

[Event "*** Titled Tuesday Blitz"]
[Site "Chess.com"]
[Date "2021.03.02"]
[Round "3"]
[White "AttackSparrow"]
[Black "Durarbayli"]
[Result "1-0"]
[WhiteElo "2548"]
[BlackElo "2767"]
[TimeControl "180+1"]
[EndTime "10:28:20 PST"]
[Termination "AttackSparrow won by resignation"]

1. e4 c5 2. c3 e6 3. d4 d5 4. exd5 exd5 5. Nf3 Nf6 6. Bb5+ Nc6 7. O-O Qb6 8. Re1+ Be6 9. Qe2 O-O-O 10. Bxc6 Qxc6 11. Be3 Bg4 12. dxc5 Bxc5 13. h3 Bxe3 14. Qxe3 Rhe8 15. Ne5 Rxe5 16. Qxe5 Re8 17. Qxe8+ Nxe8 18. hxg4 Nf6 19. Nd2 Nxg4 20. Nf3 Qc5 21. Re2 Nf6 22. Nd4 Ne4 23. Rae1 g6 24. f3 Nd6 25. Kh2 Kd8 26. Re5 a5 27. R1e2 a4 28. a3 h5 29. Nc2 Nc4 30.
Re8+ Kd7 31. Nb4 Nxb2 32. R8e5 Qc7 33. f4 Nc4 34. Rxd5+ Nd6 35. Red2 Qxc3 36. Rxd6+ Ke8 37. Rd8+ Ke7 38. Nd5+ Kxd8 39. Nxc3+ 1-0

[Event "*** Titled Tuesday Blitz"]
[Site "Chess.com"]
[Date "2021.03.02"]
[Round "3"]
[White "JoakimVonAnd"]
[Black "Karla"]
[Result "0-1"]
[WhiteElo "2492"]
[BlackElo "2279"]
[TimeControl "180+1"]
[EndTime "10:28:20 PST"]
[Termination "Karla won by checkmate"]

1. d4 d5 2. Nf3 e6 3. Bf4 Nf6 4. e3 c5 5. c3 Nc6 6. Nbd2 Bd6 7. Bg3 O-O 8. Bd3 b6 9. Ne5 Bb7 10. O-O Qc7 11. f4 Ne7 12. Bf2 Ne4 13. Qc2 Nxf2 14. Rxf2 g6 15. g4 f6 16. Nef3 c4 17. Bf1 f5 18.
Ng5 Bc8 19. Bh3 Kh8 20. Kh1 Ng8 21. gxf5 exf5 22. Rg1 Nf6 23. Rfg2 Ne4 24. Ndxe4 dxe4 25. Qf2 Qe7 26. Nxh7 Qxh7 27. Rxg6 Be7 28. Bf1 b5 29.
Qe2 Bd7 30. R6g3 Bh4 31. Rh3 Rg8 32. Rxg8+ Rxg8 33. Bg2 Be8 34. Qf1 Qh5 35. b3 Qg4 36. Qf2 Qxh3 37. Bxh3 Bxf2 38. Bxf5 Rg1# 0-1

[Event "*** Titled Tuesday Blitz"]
[Site "Chess.com"]
[Date "2021.03.02"]
[Round "3"]
[White "Evachess2006"]
[Black "Babujj"]
[Result "0-1"]
[WhiteElo "1602"]
[BlackElo "2474"]
[TimeControl "180+1"]
[EndTime "10:28:21 PST"]
[Termination "Babujj won on time"]

1. e4 e6 2. d4 d5 3. exd5 exd5 4. Bd3 Bd6 5. Ne2 Ne7 6. O-O Nbc6 7. Re1 Bg4 8. Bg5 f6 9. Bh4 g5 10. Bg3 Bxg3 11.
hxg3 Nxd4 12. Bg6+ hxg6 13. Qxd4 Bxe2 14. Rxe2 Kf7 15.
Nc3 c6 16. Rae1 Nf5 17. Qc5 g4 18. b4 Qd7 19. b5 Rae8 20. bxc6 bxc6 21. Rxe8 Rxe8 22.
Rxe8 Kxe8 23. Ne2 Kf7 24. Nd4 Nxd4 25. Qxd4 f5 26. Qe5 Qe7 27. Qf4 c5 28. Qh6 Qe1+ 29.
Kh2 Qe5 30. Qg7+ Qxg7 0-1

[Event "*** Titled Tuesday Blitz"]
[Site "Chess.com"]
[Date "2021.03.02"]
[Round "3"]
[White "FMLorneTwitch"]
[Black "Rap_woyska"]
[Result "0-1"]
[WhiteElo "2294"]
[BlackElo "2561"]
[TimeControl "180+1"]
[EndTime "10:28:22 PST"]
[Termination "Rap_woyska won by checkmate"]

1. d4 Nf6 2. Bg5 d5 3. Bxf6 gxf6 4. c4 c5 5. Nc3 dxc4 6. d5 Bg7 7. e4 f5 8. exf5 b5 9. Nge2 b4 10. Ne4 Bxf5 11. Nxc5 Qc7 12. Qa4+ Kf8 13. Qxb4 a5 14. Qa3 Nd7 15. Nxd7+ Qxd7 16. Rd1 Bd3 17. Nf4 Rb8 18. Nxd3 cxd3 19. Qxd3 Rxb2 20. Be2 Qd6 21. O-O Rxa2 22. Qc4 Be5 23. Qxa2 Bxh2+ 24. Kh1 Qh6 25. g3 Bxg3+ 26. Kg2 Qh2+ 27. Kf3 Bd6 28. Qb2 Qf4+ 29. Kg2 Rg8+ 30. Kh1 Qh2# 0-1

[Event "*** Titled Tuesday Blitz"]
[Site "Chess.com"]
[Date "2021.03.02"]
[Round "3"]
[White "Darius321"]
[Black "ural58"]
[Result "0-1"]
[WhiteElo "2306"]
[BlackElo "2531"]
[TimeControl "180+1"]
[EndTime "10:28:22 PST"]
[Termination "ural58 won by resignation"]

1. e4 d5 2. exd5 Qxd5 3. Nc3 Qa5 4. d4 Nf6 5. Nf3 Nc6 6. Bc4 Bg4 7. d5 O-O-O 8. h3 Bh5 9. Bd2 Qc5 10. Bb3 Bxf3 11. Qxf3 Nd4 12. Qf4 Nxb3 13. axb3 a6 14. O-O-O Qd6 15. Qd4 e5 16. Qa7 Qb6 17. Qxb6 cxb6 18. f4 Bd6 19. fxe5 Bxe5 20. Rhe1 Rhe8 21. Be3 Bxc3 22.
bxc3 Nxd5 23. Bd4 f6 24. c4 Nf4 25. Bxb6 Rxd1+ 26. Rxd1 Nxg2 27. Rg1 Re1+ 28. Rxe1 Nxe1 29. Kd2 Nf3+ 30. Ke3 Ng5 31. h4 Ne6 32. Ke4 Kd7 33. Kf5 Ke7 34. h5 Kf7 35. b4 g6+ 36. hxg6+ hxg6+ 37. Ke4 Ke7 38. b5 Kd7 39. bxa6 bxa6 40. Be3 Kc6 41.
Kd3 a5 42. Kc3 g5 43. Kb3 f5 44. Ka4 f4 45. Bg1 g4 46. Kxa5 g3 47. Kb4 f3 48.
Kc3 f2 0-1

[Event "*** Titled Tuesday Blitz"]
[Site "Chess.com"]
[Date "2021.03.02"]
[Round "3"]
[White "federicosellitti"]
[Black "FlySooHigh"]
[Result "1-0"]
[WhiteElo "2530"]
[BlackElo "2709"]
[TimeControl "180+1"]
[EndTime "10:28:23 PST"]
[Termination "federicosellitti won by checkmate"]

1. e4 c5 2. Nc3 d6 3. g3 g6 4. Bg2 Bg7 5. d3 Nf6 6. Be3 O-O 7. h3 Nc6 8. Qd2 e5 9. Bh6 Be6 10. h4 Nd4 11. Bxg7 Kxg7 12. h5 Nxh5 13. Nf3 f5 14. O-O-O fxe4 15. Nxd4 cxd4 16. Nxe4 Bxa2 17. b3 a5 18. Rxh5 gxh5 19. Rh1 d5 20. Rxh5 Ra6 21. Nc5 Rg6 22. Bh3 Qe7 23. Nd7 Qa3+ 24. Kd1 Bxb3 25. cxb3 Re8 26. Ke2 e4 27. Kf1 Qxb3 28.
Qxa5 Qxd3+ 29. Kg1 Qd1+ 30. Kg2 Qxh5 31. Qc7 Re7 32.
Qd8 Qg5 33. Qf8# 1-0

[Event "*** Titled Tuesday Blitz"]
[Site "Chess.com"]
[Date "2021.03.02"]
[Round "3"]
[White "superchess02"]
[Black "Vasily85"]
[Result "0-1"]
[WhiteElo "2777"]
[BlackElo "2471"]
[TimeControl "180+1"]
[EndTime "10:28:23 PST"]
[Termination "Vasily85 won by resignation"]

1. d4 Nf6 2. c4 e6 3. Nc3 Bb4 4. Qc2 O-O 5. a3 Bxc3+ 6. Qxc3 d6 7. Bg5 Nbd7 8. e3 h6 9. Bh4 b6 10. Ne2 Bb7 11. f3 c5 12. Qd3 Rc8 13. Nc3 cxd4 14. Qxd4 d5 15. cxd5 e5 16. Qd1 g5 17. Bf2 e4 18.
fxe4 Nc5 19. Bd3 Re8 20. O-O Nfxe4 21. Bb5 Re7 22. Be1 Nxc3 23. Bxc3 Qxd5 24. Qxd5 Bxd5 25.
Rad1 Bb7 26. Rf6 Ne4 27. Rxh6 Nxc3 28. bxc3 Rxc3 29. Rd8+ Kg7 30. Rhh8 Rc2 31. Rhg8+ Kf6 32. Rd6+ Ke5 33. Rd4 Rxg2+ 34. Kf1 Rxh2 35. Rxg5+ Kf6 36. Rg3 Rh5 37. Rf4+ Rf5 38. Rxf5+ Kxf5 39. Kf2 Re5 40. Bd3+ Ke6 41. Rg8 Be4 42. Bc4+ Kf6 43. Ra8 Bxa8 0-1

[Event "*** Titled Tuesday Blitz"]
[Site "Chess.com"]
[Date "2021.03.02"]
[Round "3"]
[White "Astaneh"]
[Black "Twitch_ElhamBlitz05"]
[Result "1-0"]
[WhiteElo "2628"]
[BlackElo "2820"]
[TimeControl "180+1"]
[EndTime "10:28:24 PST"]
[Termination "Astaneh won by resignation"]

1. d4 Nf6 2. Bf4 d6 3. Nc3 Nc6 4.
e4 g6 5. Nf3 Bg7 6. h3 O-O 7.
Qd2 a6 8. Bh6 d5 9. Bxg7 Kxg7 10. exd5 Nxd5 11. Be2 Nf6 12. d5 Nb4 13. O-O-O Bf5 14.
Nd4 Bc8 15. Bf3 Nfxd5 16. Nxd5 Nxd5 17. Nb3 c6 18. c4 Bf5 19. cxd5 cxd5 20. Qc3+ Kg8 21.
Rxd5 Qb6 22. g4 Be6 23. Rc5 Rac8 24. Kb1 Qd6 25. Rc1 b6 26. Rxc8 Rxc8 27. Qe3 Rxc1+ 28. Nxc1 Qh2 29. Be2 b5 30. b3 Qh1 31. Kb2 Qd5 32. Nd3 f6 33. Nf4 Qc6 34. Qxe6+ Qxe6 35. Nxe6 1-0